 Dungeon Crawl Stone Soup version 0.20.0-3-g22ec75f (webtiles) character file.

511 Jannitor the Chiller (level 7, 0/46 HPs)
             Began as a Barachi Ice Elementalist on May 27, 2017.
             Was an Initiate of Cheibriados.
             Slain by an ice beast (2 damage)
             ... on level 5 of the Dungeon.
             The game lasted 00:18:12 (5988 turns).

Jannitor the Chiller (Barachi Ice Elementalist)     Turns: 5988, Time: 00:18:12

Health: 0/46       AC: 12    Str:  8 (10) XL:     7   Next: 19%
Magic:  2/10       EV: 20    Int: 17 (18) God:    Cheibriados [......]
Gold:   156        SH:  0    Dex: 18 (19) Spells: 2/10 levels left

rFire    . . .     SeeInvis .   r - +0 dagger (protect)
rCold    . . .     Gourm    .   (no shield)
rNeg     . . .     Faith    +   a - +0 robe
rPois    +         Spirit   .   (helmet restricted)
rElec    .         Reflect  .   m - +0 cloak
rCorr    .         Harm     .   d - +0 pair of gloves
MR       .....                  D - +0 pair of boots
Stlth    +++.......             e - amulet of faith
Regen    0.2/turn               B - ring of poison resistance
MPRegen  0.2/turn               (no ring)

@: agile, protection aura, can't hop, very slow
A: +LOS, swims, antennae 1, hooves 1, deterioration 1, slowness 1, subdued magic
1, strong legs 1
a: Hop, Bend Time, Renounce Religion


You were on level 5 of the Dungeon.
You worshipped Cheibriados.
Cheibriados was noncommittal.
You were near starving.

You visited 2 branches of the dungeon, and saw 6 of its levels.

You collected 156 gold pieces.

Inventory:

Hand Weapons
 o - a +2 dagger of freezing
 r - a +0 dagger of protection (weapon)
Armour
 a - a +0 robe (worn)
 d - a +0 pair of gloves (worn)
 m - a +0 cloak (worn)
 A - a +0 ring mail
 D - a +0 pair of boots (worn)
Jewellery
 e - an amulet of faith (around neck)
 B - a ring of poison resistance (left hand)
Scrolls
 g - 2 scrolls of remove curse
 l - 3 scrolls of amnesia
 n - 3 scrolls of identify {unknown}
 q - 4 scrolls of recharging {unknown}
 t - a scroll of enchant armour {unknown}
 y - a scroll of fog {unknown}
 C - a scroll of teleportation {unknown}
Potions
 s - a potion of agility
Books
 b - a book of Frost

   Spells                             Type                      Level
   a - Freeze                         Ice                          1
   b - Throw Frost                    Conjuration/Ice              2
   c - Ozocubu's Armour               Charms/Ice                   3
   d - Throw Icicle                   Conjuration/Ice              4
   e - Summon Ice Beast               Ice/Summoning                4
 x - a book of Callings

   Spells                             Type                      Level
   a - Summon Small Mammal            Summoning                    1
   b - Call Imp                       Summoning                    2
   c - Call Canine Familiar           Summoning                    3
   d - Summon Guardian Golem          Hexes/Summoning              3
   e - Summon Lightning Spire         Summoning/Air                4
   f - Summon Ice Beast               Ice/Summoning                4
Comestibles
 c - 4 bread rations
 f - 2 royal jellies
 j - 3 meat rations
 p - 4 fruits


   Skills:
 - Level 2.9 Armour
 + Level 4.8 Dodging
 - Level 1.7 Stealth
 - Level 2.1 Spellcasting
   Level 1.1 Conjurations
 + Level 3.1 Charms
 + Level 2.0 Summonings
 + Level 6.1 Ice Magic


You had 2 spell levels left.
You knew the following spells:

 Your Spells              Type           Power        Failure   Level  Hunger
a - Freeze                Ice            ###.         1%          1    #......
b - Ozocubu's Armour      Chrm/Ice       ##......     7%          3    ###....
c - Summon Ice Beast      Ice/Summ       ##......     30%         4    #####..


Dungeon Overview and Level Annotations

Branches:
Dungeon (5/15)             Temple (1/1) D:4

Altars:
Cheibriados
Dithmenos
Elyvilon
Fedhas
Gozag
Hepliaklqana
Kikubaaqudgha
Makhleb
Nemelex Xobeh
Okawaru
Ru
Trog
Uskayaw
Xom
Yredelemnul
The Shining One


Innate Abilities, Weirdness & Mutations

Shadows flee at your approach. (+LOS)
You can swim through water.
You cover ground slowly.
You can hop short distances.
You have a pair of small antennae on your head.
You have large cloven feet.
Your body sometimes deteriorates upon taking damage.
Your spells are a little easier to cast, but a little less powerful.


Message History

Confirm with . or Enter, or press ? or * to list all spells.
A chill wind blows around you.
You are near starving!
The ice beast hits you. The ice beast freezes you!
* * * LOW HITPOINT WARNING * * *
You hit the ice beast but do no damage.
The ice beast is almost dead.
The ice beast misses you.
Your ice beast hits the ice beast but does no damage.
An adder zombie comes into view.
The ice beast barely misses you.
Hop to where?
Press: ? - help, Dir - move target cursor Boing!
Your ice beast hits the ice beast.
Your ice beast freezes the ice beast.
The ice beast completely resists.
The ice beast closely misses you.
Unknown command.
You feel agile all of a sudden.
Your ice beast hits the ice beast but does no damage.
The ice beast hits you.
You die...

#..........##...##
#.########
#########..##..##
#.# #..##..#####.#
#............#
######.####### #.#
#.# #.######
#@.....# #YY§...#
...Z.Z...........
.#####......###.#
#........#
#.....###.#
##...## .# ##.## #
#.#


You could see an ice beast, an adder zombie and a friendly ice beast.

Vanquished Creatures
  The ghost of GordonOverkill the Shield-Bearer, an amateur HOFi of Trog (D:4)
  A bullfrog (D:4)
  A scorpion (D:4)
  A hound (D:4)
  2 jellies (D:5)
  A worker ant zombie (D:5)
  6 adders
  An ooze (D:3)
  A dart slug (D:3)
  A leopard gecko (D:4)
  10 orcs
  A ball python (D:3)
  8 bats
  A giant cockroach (D:1)
  6 goblins
  8 hobgoblins
  3 jackals
  11 kobolds
  3 quokkas
  2 frilled lizards (D:3)
  A quokka skeleton (D:4)
  7 rats
77 creatures vanquished.

Notes
Turn   | Place    | Note
-------+----------+-------------------------------------------
     0 | D:1      | Jannitor the Barachi Ice Elementalist began the quest for the Orb.
     0 | D:1      | Reached XP level 1. HP: 13/13 MP: 3/3
   452 | D:1      | Reached XP level 2. HP: 5/19 MP: 0/5
   683 | D:1      | Reached skill level 4 in Ice Magic
  1050 | D:1      | Reached XP level 3. HP: 24/24 MP: 4/6
  1409 | D:2      | Found a basalt altar of Yredelemnul.
  1428 | D:2      | Found a bloodstained altar of Trog.
  1631 | D:2      | Found a glowing golden altar of the Shining One.
  2107 | D:3      | Learned a level 3 spell: Ozocubu's Armour
  2223 | D:3      | Reached XP level 4. HP: 28/30 MP: 3/7
  2611 | D:3      | Reached skill level 1 in Charms
  3061 | D:3      | Found an iron altar of Okawaru.
  3590 | D:3      | Reached skill level 5 in Ice Magic
  3630 | D:3      | Reached skill level 1 in Armour
  3630 | D:3      | Reached XP level 5. HP: 35/35 MP: 2/8
  3688 | D:4      | Noticed a phantom
  3806 | D:4      | Reached XP level 6. HP: 3/41 MP: 4/9
  3807 | D:4      | Gained mutation: You have sharp toenails. [potion of mutation]
  3807 | D:4      | Gained mutation: You expend magic power (3 MP) to strengthen your wands. [potion of mutation]
  3807 | D:4      | Gained mutation: You have a pair of small antennae on your head. [potion of mutation]
  3807 | D:4      | Gained mutation: Your skin changes colour to match your surroundings (Stealth+). [potion of mutation]
  4120 | D:4      | Lost mutation: You have sharp toenails. [potion of mutation]
  4120 | D:4      | Lost mutation: You expend magic power (3 MP) to strengthen your wands. [potion of mutation]
  4120 | D:4      | Lost mutation: Your skin changes colour to match your surroundings (Stealth+). [potion of mutation]
  4120 | D:4      | Gained mutation: Your body sometimes deteriorates upon taking damage. [potion of mutation]
  4120 | D:4      | Gained mutation: Your spells are a little easier to cast, but a little less powerful. [potion of mutation]
  4120 | D:4      | Gained mutation: You have large cloven feet. [potion of mutation]
  4123 | D:4      | Noticed GordonOverkill's ghost (amateur HOFi)
  4199 | D:3      | Learned a level 4 spell: Summon Ice Beast
  4216 | D:4      | Found a staircase to the Ecumenical Temple.
  4235 | Temple   | Entered the Ecumenical Temple
  4352 | Temple   | Became a worshipper of Cheibriados the Contemplative
  4499 | D:4      | HP: 2/61 [GordonOverkill's ghost (3)]
  4505 | D:4      | Killed GordonOverkill's ghost
  4505 | D:4      | Reached skill level 1 in Summonings
  4869 | D:4      | Found a hide-covered altar of Uskayaw.
  4869 | D:4      | Noticed a dagger
  4870 | D:4      | Noticed a hand axe
  5331 | D:5      | Entered Level 5 of the Dungeon
  5593 | D:5      | Reached XP level 7. HP: 46/46 MP: 7/10
  5604 | D:5      | Reached skill level 6 in Ice Magic
  5984 | D:5      | HP: 2/46 [ice beast (14)]
  5988 | D:5      | Slain by an ice beast

Skill      XL: |  1  2  3  4  5  6  7 |
---------------+----------------------+-----
Ice Magic      | 4 5 6 |  6.1
Dodging        | 3 4 |  4.8
Charms         | 1 2 3 |  3.1
Armour         | 1 2 |  2.9
Summonings     | 1 2 |  2.0
Stealth        | |  1.7
Spellcasting   | |  2.1
Conjurations   | |  1.1

Action                   |  1- 3 |  4- 6 |  7- 9 || total
-------------------------+-------+-------+-------++-------
Melee: Unarmed           |     6 |       |       ||     6
       Dagger            |    45 |   170 |    54 ||   269
 Cast: Freeze            |    38 |    53 |    12 ||   103
       Ozocubu's Armour  |       |     5 |     1 ||     6
       Summon Ice Beast  |       |     2 |     2 ||     4
Invok: Bend Time         |       |     1 |       ||     1
 Abil: Hop               |     1 |     2 |     1 ||     4
  Use: Potion            |       |    11 |     3 ||    14
       Scroll            |       |       |     3 ||     3
 Stab: Sleeping          |     3 |     3 |       ||     6
       Invisible         |       |     4 |       ||     4
  Eat: Chunk             |     5 |     4 |     2 ||    11
       Bread ration      |       |     2 |       ||     2
Armor: Robe              |    20 |    53 |    16 ||    89
       Skin              |       |    13 |       ||    13
       Ring mail         |       |     2 |       ||     2
Dodge: Dodged            |    51 |   154 |    39 ||   244
